[Event "Titled Tuesday Blitz January 17 Late 2023"]
[White "Kovacs, Klara"]
[Black "reevecanada"]
[WhiteFideId "733210"]
[WhiteElo "2121"]
[BlackElo "2474"]
[Result "1-0"]
[Round "11"]
[TimeControl "180+2"]
[Date "2023.01.17"]
[WhiteClock "0:00:43"]
[BlackClock "0:00:46"]

1. d4 Nf6 2. Nf3 e6 3. g3 b6 4. Bg2 Bb7 5. c4 Be7 6. O-O O-O 7. Nc3 a6 8. Bg5 d5 9. b3 h6 10. Bf4 Nbd7 11. Rc1 Re8 12. cxd5 exd5 13. Re1 Bb4 14. Nd2 g5 15. Bxc7 Qxc7 16. Nxd5 Qd6 17. Nxf6+ Nxf6 18. Bxb7 Qxd4 19. Rc4 Qxd2 20. Qxd2 Bxd2 21. Rd1 Rad8 22. Bxa6 Ba5 23. Rxd8 Rxd8 24. b4 b5 25. Bxb5 Bb6 26. a4 Rd2 27. a5 Bd8 28. Rc8 Kf8 29. a6 Rd1+ 30. Kg2 Nd5 31. Rxd8+ Ke7 32. Rc8 Ra1 33. Rb8 Kd6 34. Bc4 Kc7 35. Rb7+ Kc6 36. b5+ Kc5 37. Bxd5 Kxd5 38. a7 Kc5 39. b6 Kc6 40. Rb8 Ra6 41. a8=Q+ Rxa8 42. Rxa8 Kxb6 43. Rf8 Kb7 44. Rxf7+ Kc6 45. Rf6+ Kd5 46. Rxh6 Ke5 47. h4 Kd4 48. hxg5 Kd5 49. Kf3 Ke5 50. Ke3 Kd5 51. f4 Kc4 52. g6 Kc3 53. g7 Kc2 54. g8=Q Kd1 55. Qb3+ Kc1 56. Rh1# 1-0


[Site "https://www.chess.com"]

[Event "Titled Tuesday Blitz January 17 Late 2023"]
[White "Rios Escobar, Adan"]
[Black "Kaplan, Avi Harrison"]
[WhiteFideId "3403645"]
[BlackFideId "30934559"]
[WhiteElo "2234"]
[BlackElo "2146"]
[Result "0-1"]
[Round "11"]
[TimeControl "180+2"]
[Date "2023.01.17"]
[WhiteClock "0:00:02"]
[BlackClock "0:01:15"]

1. d4 Nf6 2. g3 c5 3. d5 e6 4. c4 exd5 5. cxd5 d6 6. Nc3 g6 7. Nf3 Bg7 8. Bg2 O-O 9. O-O Re8 10. Re1 a6 11. a4 Nbd7 12. h3 Ne4 13. Nxe4 Rxe4 14. Qc2 Rb4 15. Bf4 Rxb2 16. Qc1 Qe7 17. e4 Rb4 18. Bg5 Qe8 19. e5 Nxe5 20. Nxe5 Bxe5 21. Bf6 Bf5 22. f4 Bxa1 23. Rxe8+ Rxe8 24. Qd2 Bxf6 25. g4 Be4 26. Bf1 Rb2 27. Qxb2 Bxb2 28. Bc4 Bd4+ 29. Kf1 Bf3 30. h4 Bxg4 31. h5 Bxh5 32. a5 Bg4 33. f5 Bxf5 34. Bb3 Re3 35. Ba4 h5 0-1


[Site "https://www.chess.com"]

[Event "Titled Tuesday Blitz January 17 Late 2023"]
[White "Garcia Almaguer, Juan Manuel"]
[Black "Wang, Alexander J"]
[WhiteFideId "5110491"]
[BlackFideId "30955270"]
[WhiteElo "2090"]
[BlackElo "1815"]
[Result "0-1"]
[Round "11"]
[TimeControl "180+2"]
[Date "2023.01.17"]
[WhiteClock "0:00:14"]
[BlackClock "0:00:22"]

1. e4 c5 2. Nf3 d6 3. d4 cxd4 4. Nxd4 Nf6 5. Nc3 g6 6. Be2 Bg7 7. h4 h5 8. Be3 O-O 9. Qd2 Nc6 10. f3 d5 11. exd5 Nxd5 12. Nxc6 bxc6 13. Bd4 e5 14. Bc5 Re8 15. O-O-O Be6 16. Ne4 Nf4 17. Qe3 Qa5 18. a3 Rab8 19. Bf1 f5 20. Nc3 Kh7 21. g4 fxg4 22. Ne4 gxf3 23. Rd6 Bf5 24. Ng5+ Kg8 25. Nxf3 Nd5 26. Qf2 e4 27. Nd4 Qxc5 0-1


[Site "https://www.chess.com"]

[Event "Titled Tuesday Blitz January 17 Late 2023"]
[White "O`Gorman, Tom"]
[Black "Castellanos Hernandez, Emilio Au"]
[WhiteFideId "2508249"]
[BlackFideId "5114179"]
[WhiteElo "2355"]
[BlackElo "1964"]
[Result "1-0"]
[Round "11"]
[TimeControl "180+2"]
[Date "2023.01.17"]
[WhiteClock "0:01:18"]
[BlackClock "0:00:02"]

1. e4 e6 2. d4 d5 3. Bd3 dxe4 4. Bxe4 Nf6 5. Bf3 c5 6. Ne2 Nc6 7. Be3 Be7 8. Nbc3 cxd4 9. Nxd4 Ne5 10. Qe2 O-O 11. O-O-O Nxf3 12. gxf3 Bd7 13. Rhg1 a6 14. Bh6 g6 15. Bxf8 Bxf8 16. Ne4 Nd5 17. Kb1 Qa5 18. Nb3 Qc7 19. c4 Nf4 20. Qe3 Bc6 21. Nd4 Bg7 22. Nxc6 bxc6 23. Nd6 Rb8 24. Qxf4 Bxb2 25. Kc2 Qa5 26. Nb5 e5 27. Qd2 Qa4+ 28. Kxb2 cxb5 29. Ka1 bxc4 30. Rb1 Rc8 31. Qc3 Qa5 32. Qxa5 Kg7 33. Qxe5+ Kg8 34. Rb8 Rxb8 35. Qxb8+ Kg7 36. Qe5+ Kg8 37. Rd1 f6 38. Qe7 c3 39. Rd8# 1-0


[Site "https://www.chess.com"]

[Event "Titled Tuesday Blitz January 17 Late 2023"]
[White "Mione, Dario"]
[Black "Defend, Balint"]
[WhiteFideId "806625"]
[BlackFideId "17004853"]
[WhiteElo "2228"]
[BlackElo "1673"]
[Result "1/2-1/2"]
[Round "11"]
[TimeControl "180+2"]
[Date "2023.01.17"]
[WhiteClock "0:00:17"]
[BlackClock "0:00:55"]

1. e4 c5 2. d4 cxd4 3. c3 dxc3 4. Nxc3 a6 5. Nf3 e6 6. Bc4 Nc6 7. O-O Nge7 8. Bg5 h6 9. Bh4 Qa5 10. Qe2 Ng6 11. Bg3 d6 12. Rfd1 Nge5 13. Bb3 Be7 14. Rac1 O-O 15. Nd4 Nxd4 16. Rxd4 b5 17. f4 Nc6 18. Rdd1 Bb7 19. Nd5 exd5 20. exd5 Nd4 21. Qxe7 Nxb3 22. axb3 Rab8 23. Qxd6 Rfd8 24. Qe5 Rbc8 25. Rxc8 Bxc8 26. f5 Qb6+ 27. Bf2 Qd6 28. Qxd6 Rxd6 29. Bc5 Rd7 30. g4 f6 31. Kf2 Kf7 32. Ke3 h5 33. h3 Rd8 34. Rd2 Rh8 35. d6 Bd7 36. Re2 hxg4 37. hxg4 Re8+ 38. Kf2 Rxe2+ 39. Kxe2 a5 40. Bb6 a4 41. bxa4 bxa4 42. Kd2 g6 43. fxg6+ Kxg6 44. Ke3 Bxg4 45. Kf4 Bd7 46. Bd4 Kf7 47. Bc5 Ke6 48. Ba3 Kd5 49. Ke3 Kc4 50. Kf4 f5 51. Ke5 Bc8 52. Kf4 Be6 53. Ke5 Bd7 54. Kf4 Kd4 55. Bb4 Kd5 56. Ba3 Ke6 57. Bb4 Bc6 58. Ba3 Bd7 59. Bb4 Kd5 60. Ba3 Kc6 61. Ke5 Kb5 62. Kf4 Kc4 63. Ke5 Kd3 64. Kf4 Ke2 65. Bb4 Kd1 66. Ba3 Kc2 67. Ke5 Kb1 68. Kf4 Kc2 69. Ke5 Kd2 70. Kf4 Kd3 71. Bb4 Kd4 72. Ba3 Kc4 1/2-1/2


[Site "https://www.chess.com"]

[Event "Titled Tuesday Blitz January 17 Late 2023"]
[White "Seletsky, Grigory"]
[Black "Novikov, Evgenij"]
[WhiteFideId "14112191"]
[BlackFideId "4125380"]
[WhiteElo "2259"]
[BlackElo "2276"]
[Result "1-0"]
[Round "11"]
[TimeControl "180+2"]
[Date "2023.01.17"]
[WhiteClock "0:00:18"]
[BlackClock "0:00:03"]

1. e4 c5 2. Nc3 Nc6 3. d3 g6 4. Be3 d6 5. d4 cxd4 6. Bxd4 Nxd4 7. Qxd4 Nf6 8. e5 dxe5 9. Bb5+ Bd7 10. Qxe5 Bg7 11. O-O-O O-O 12. Bxd7 Nxd7 13. Qb5 Qb6 14. Rxd7 Qxf2 15. Nge2 Qxg2 16. Qxb7 Qg5+ 17. Kb1 Rab8 18. Qd5 Qf6 19. Ka1 Rfc8 20. Rd1 h6 21. Nd4 Kh7 22. Qe4 Qb6 23. Nb3 a5 24. Qxe7 Rf8 25. a4 Qf2 26. Qe2 Qf6 27. R1d6 Qf5 28. Qd3 Qg5 29. Ka2 Rb4 30. Rd5 Qf6 31. Rxa5 Rfb8 32. Raa7 Qe6 33. Rxf7 Rxb3 34. Rxg7+ Kh8 35. Rh7+ Kg8 36. Rag7+ Kf8 37. Qf3+ Qf5 38. Qxf5+ gxf5 39. cxb3 1-0


[Site "https://www.chess.com"]

[Event "Titled Tuesday Blitz January 17 Late 2023"]
[White "Alfaro, William"]
[Black "Rego, Pedro Filipe"]
[WhiteFideId "6100457"]
[BlackFideId "1904310"]
[WhiteElo "2134"]
[BlackElo "2312"]
[Result "0-1"]
[Round "11"]
[TimeControl "180+2"]
[Date "2023.01.17"]
[WhiteClock "0:02:03"]
[BlackClock "0:01:36"]

1. e4 c5 2. Nf3 d6 3. d4 cxd4 4. Nxd4 Nf6 5. Nc3 Nc6 6. f3 e5 7. Nb3 Be6 8. Bg5 Be7 9. Qd2 a5 10. Bb5 h6 11. Bxf6 Bxf6 12. Nd5 Bh4+ 13. g3 Bg5 14. Qd3 a4 15. Nd2 O-O 16. O-O Bxd5 17. exd5 Nb4 18. Qe2 Bxd2 19. Qxd2 Qb6+ 20. Kg2 Qxb5 21. Rad1 Nxa2 22. c3 a3 23. b4 Qc4 24. Rf2 Nxc3 25. Rc1 Rfc8 0-1


[Site "https://www.chess.com"]

[Event "Titled Tuesday Blitz January 17 Late 2023"]
[White "Belenkaya, Dina"]
[Black "Pace, Christopher"]
[WhiteFideId "24142654"]
[BlackFideId "2610167"]
[WhiteElo "2267"]
[BlackElo "2053"]
[Result "0-1"]
[Round "11"]
[TimeControl "180+2"]
[Date "2023.01.17"]
[WhiteClock "0:00:02"]
[BlackClock "0:00:09"]

1. Nf3 Nf6 2. g3 g6 3. Bg2 Bg7 4. d3 O-O 5. Nbd2 d5 6. O-O Nc6 7. Re1 e5 8. e4 dxe4 9. dxe4 h6 10. c3 Qe7 11. Qe2 Be6 12. Nf1 Rfd8 13. N3d2 Nd7 14. Ne3 Nb6 15. b3 a5 16. a4 Nd4 17. cxd4 exd4 18. Ra2 dxe3 19. Qxe3 Kh7 20. Bb2 Bxb2 21. Rxb2 Qb4 22. Rc2 Rd7 23. Rec1 c6 24. Rc3 Rad8 25. Nf1 Rd1 26. Rxd1 Rxd1 27. Bf3 Rb1 28. Kg2 Rxb3 29. Rxb3 Qxb3 30. Qd4 Nd7 31. Ne3 Qb4 32. Qa1 h5 33. h3 Nc5 34. Qe5 Nd3 35. Qf6 Ne1+ 36. Kh2 Nxf3+ 37. Qxf3 Qxa4 38. e5 Qd4 39. Qf6 a4 40. g4 hxg4 41. Qh4+ Kg8 42. hxg4 Qxe5+ 43. Kg2 Qe4+ 44. Kg1 a3 45. Qf6 a2 46. Qd8+ Kg7 47. Qd1 Qb1 48. Kg2 Qxd1 49. Nxd1 a1=Q 0-1


[Site "https://www.chess.com"]

[Event "Titled Tuesday Blitz January 17 Late 2023"]
[White "MitzyCaballero"]
[Black "Figorito, Nick"]
[BlackFideId "30923689"]
[WhiteElo "2313"]
[BlackElo "2036"]
[Result "1-0"]
[Round "11"]
[TimeControl "180+2"]
[Date "2023.01.17"]
[WhiteClock "0:01:09"]
[BlackClock "0:01:29"]

1. d4 Nf6 2. Nf3 g6 3. c4 Bg7 4. g3 O-O 5. Bg2 c6 6. O-O d5 7. cxd5 cxd5 8. Ne5 Nc6 9. Nxc6 bxc6 10. Nc3 Nd7 11. Na4 e5 12. Be3 Re8 13. Rc1 exd4 14. Bxd4 Bxd4 15. Qxd4 Rxe2 16. Rxc6 Nb6 17. Nxb6 axb6 18. a3 Be6 19. Rfc1 Qg5 20. Bf3 Qd2 21. Qxd2 Rxd2 22. Rxb6 Ra4 23. Rd1 Rxd1+ 24. Bxd1 h5 25. Bxa4 1-0


[Site "https://www.chess.com"]

[Event "Titled Tuesday Blitz January 17 Late 2023"]
[White "Remolar Gallen, Jose"]
[Black "Gerbelli Neto, Eduardo"]
[WhiteFideId "2215187"]
[BlackFideId "2103281"]
[WhiteElo "2285"]
[BlackElo "2114"]
[Result "1-0"]
[Round "11"]
[TimeControl "180+2"]
[Date "2023.01.17"]
[WhiteClock "0:00:04"]
[BlackClock "0:00:07"]

1. e4 e5 2. f4 Nc6 3. Nf3 f5 4. d4 exd4 5. e5 d5 6. Bd3 Be7 7. Nbd2 Nh6 8. Nb3 O-O 9. Bd2 Ng4 10. Qe2 a5 11. a4 Nb4 12. O-O c5 13. Bb5 Nxc2 14. Rac1 Nce3 15. Rfe1 b6 16. h3 Nh6 17. Bxe3 dxe3 18. Qxe3 d4 19. Qf2 Bb7 20. Nbd2 Nf7 21. Qg3 Kh8 22. e6 Nd6 23. Ne5 Bh4 24. Qh2 Bxe1 25. Rxe1 Qe7 26. Bd7 Bd5 27. Ndf3 Ne4 28. g4 fxg4 29. hxg4 Kg8 30. Rxe4 Bxe4 31. Ng5 Qf6 32. Nxe4 Qxf4 33. Qxf4 Rxf4 34. Nd6 Rff8 35. e7 Rfd8 36. Be6+ Kh8 37. Nef7+ Kg8 38. Nh6+ Kh8 39. Ndf7# 1-0


[Site "https://www.chess.com"]

[Event "Titled Tuesday Blitz January 17 Late 2023"]
[White "Davidson, Kevin"]
[Black "Herbst, Richard"]
[WhiteFideId "2056810"]
[BlackFideId "2041251"]
[WhiteElo "2154"]
[BlackElo "2120"]
[Result "1-0"]
[Round "11"]
[TimeControl "180+2"]
[Date "2023.01.17"]
[WhiteClock "0:00:01"]
[BlackClock "0:00:03"]

1. e4 Nf6 2. e5 Nd5 3. c4 Nb6 4. d4 d6 5. exd6 cxd6 6. Nc3 g6 7. Be3 Bg7 8. Rc1 O-O 9. b3 Bf5 10. Be2 d5 11. c5 Nc8 12. g4 Bd7 13. h3 Nc6 14. Nf3 b6 15. Nxd5 Bxg4 16. Nxe7+ N8xe7 17. hxg4 bxc5 18. dxc5 Nd5 19. Bg5 Qa5+ 20. Bd2 Qxa2 21. Bh6 Nc3 22. Qc2 Rfe8 23. Qxa2 Nxa2 24. Rc2 Nab4 25. Rc4 Bxh6 26. Rxh6 Rad8 27. Kf1 f6 28. g5 fxg5 29. Nxg5 Re7 30. Rf4 Nd5 31. Bc4 Nb4 32. Rd4 Rdd7 33. Ne4 Kg7 34. Rh3 Nc7 35. Rxd7 Rxd7 36. Nd6 Ncd5 37. Rf3 Rc7 38. Kg2 Rxc5 39. Rf7+ Kh6 40. Rxa7 Kg5 41. Ne4+ Kf4 42. Nxc5 Ke5 43. Nd3+ Kd4 44. Nxb4 Nxb4 45. Rxh7 Nc6 46. Rg7 Ne5 47. Re7 Nc6 48. Rg7 Ne5 49. f4 Ng4 50. Kf3 Nh2+ 51. Kg3 Nf1+ 52. Bxf1 1-0


[Site "https://www.chess.com"]

[Event "Titled Tuesday Blitz January 17 Late 2023"]
[White "Rose, Felix"]
[Black "Kaganskiy, Gleb"]
[WhiteFideId "5105722"]
[BlackFideId "4132025"]
[WhiteElo "2091"]
[BlackElo "2205"]
[Result "0-1"]
[Round "11"]
[TimeControl "180+2"]
[Date "2023.01.17"]
[WhiteClock "0:00:31"]
[BlackClock "0:01:12"]

1. d4 Nf6 2. Bf4 d5 3. e3 c5 4. Nf3 Nc6 5. Nbd2 cxd4 6. exd4 Bg4 7. c3 e6 8. Qa4 Bxf3 9. Nxf3 Bd6 10. Bg3 O-O 11. Ne5 Bxe5 12. dxe5 Ne4 13. Bd3 Nxg3 14. hxg3 h6 15. f4 a6 16. O-O-O b5 17. Qc2 b4 18. g4 bxc3 19. g5 Nb4 20. Qe2 cxb2+ 21. Kb1 Qa5 22. Qxb2 Rab8 23. Ka1 Nxa2 0-1


[Site "https://www.chess.com"]

[Event "Titled Tuesday Blitz January 17 Late 2023"]
[White "Melikhov, Evgeny V."]
[Black "Almedina Ortiz, Edgardo J."]
[WhiteFideId "4122046"]
[BlackFideId "3100197"]
[WhiteElo "2269"]
[BlackElo "2156"]
[Result "1-0"]
[Round "11"]
[TimeControl "180+2"]
[Date "2023.01.17"]
[WhiteClock "0:00:19"]
[BlackClock "0:00:02"]

1. d4 f5 2. e4 fxe4 3. Nc3 Nf6 4. Bg5 g6 5. Bc4 d5 6. Bxf6 exf6 7. Bxd5 f5 8. Qe2 Bg7 9. O-O-O Qg5+ 10. Kb1 Qxg2 11. Nxe4 fxe4 12. Bxe4 Qg4 13. Bf3+ Qe6 14. Qxe6+ Bxe6 15. Bxb7 O-O 16. Bxa8 Nd7 17. Bc6 Rxf2 18. Nf3 Bf5 19. Rd2 Rxd2 20. Nxd2 Bxd4 21. Nf3 Bf6 22. Rd1 Ne5 23. Nxe5 Bxe5 24. Bd7 Bxd7 25. Rxd7 Bxh2 26. c4 h5 27. Kc2 h4 28. Kd3 Be5 29. Ke4 Bd6 30. c5 Bxc5 31. Rxc7 Bb6 32. Rb7 g5 33. Kf3 Bd4 34. Kg4 Be3 35. b4 Kf8 36. a4 Ke8 37. b5 Kd8 38. a5 Kc8 39. Rh7 Kd8 40. Kf5 Kc8 41. Ke6 Kb8 42. Kd5 1-0


[Site "https://www.chess.com"]

[Event "Titled Tuesday Blitz January 17 Late 2023"]
[White "Ferriz Barrios, Andres"]
[Black "Desideri, Ricardo Maruchi"]
[WhiteFideId "5104467"]
[BlackFideId "2110440"]
[WhiteElo "2102"]
[BlackElo "1959"]
[Result "0-1"]
[Round "11"]
[TimeControl "180+2"]
[Date "2023.01.17"]
[WhiteClock "0:01:29"]
[BlackClock "0:00:31"]

1. d4 Nf6 2. Nf3 d6 3. e3 g6 4. b3 Bg7 5. Bb2 O-O 6. Nbd2 b6 7. h4 Bb7 8. Bd3 Nbd7 9. c4 h5 10. Nf1 Ng4 11. Ng5 Bxg2 12. Rg1 Bb7 13. Rxg4 hxg4 14. Qxg4 Nf6 15. Qg1 Nh5 16. Nxf7 Rxf7 17. Bxg6 Nf6 18. d5 Qd7 19. h5 Qg4 20. Bxf7+ Kxf7 21. Qxg4 Nxg4 22. Bxg7 Kxg7 23. f3 Nf6 24. Ng3 Bc8 25. Kf2 Kh6 26. Rh1 Bd7 27. e4 Rg8 28. Rh4 Rg5 29. f4 Rg4 30. Rxg4 Bxg4 31. e5 Nxh5 32. exd6 exd6 33. Ne4 Nxf4 34. Nf6 Kg5 35. Ne8 Nd3+ 36. Ke3 Nc1 37. Nxc7 Nxa2 38. Nb5 Nc1 39. b4 Na2 40. Nxa7 Nxb4 41. Kd4 Bd7 42. Kc3 Na6 43. Kd4 Kf5 44. Nc6 Bxc6 45. dxc6 Nc7 46. Kc3 Ke5 47. Kb4 Kd4 48. Kb3 Kc5 0-1


[Site "https://www.chess.com"]

[Event "Titled Tuesday Blitz January 17 Late 2023"]
[White "Gasparyan, David"]
[Black "Rosh Jain"]
[WhiteFideId "13311980"]
[BlackFideId "25789465"]
[WhiteElo "2142"]
[BlackElo "2248"]
[Result "0-1"]
[Round "11"]
[TimeControl "180+2"]
[Date "2023.01.17"]
[WhiteClock "0:00:49"]
[BlackClock "0:00:09"]

1. e4 c5 2. g3 d6 3. Bg2 Nf6 4. Nc3 a6 5. a4 g6 6. d3 Bg7 7. f4 e6 8. h3 Nbd7 9. Nf3 O-O 10. O-O Rb8 11. a5 b6 12. axb6 Nxb6 13. Be3 Bb7 14. g4 Rc8 15. g5 Nh5 16. Qe1 d5 17. exd5 exd5 18. d4 Nc4 19. Ne5 cxd4 20. Bxd4 Nxe5 21. Bxe5 Re8 22. Qf2 Bxe5 23. fxe5 Rc7 24. Rad1 Rxe5 25. Rfe1 Rxg5 26. Qd4 Qb8 27. Qa4 Bc6 28. Qh4 Rf5 29. b4 Nf4 30. Bf3 Kg7 31. Kh1 Qxb4 32. Ne2 Qc4 33. Ng3 Rf6 34. Rd2 d4 35. Be4 Bxe4+ 36. Nxe4 Rf5 37. Rg1 Qd5 38. Re1 Ne6 39. Kg1 Rf4 40. c4 Qf5 41. Qg3 Rxe4 42. Rf1 Qh5 43. Rdf2 Qg5 44. Qxg5 Nxg5 45. Rc2 Re3 46. c5 d3 47. Rc3 Nxh3+ 48. Kg2 Ng5 49. Rd1 Ne4 50. Rcxd3 Rxd3 51. Rxd3 Rxc5 52. Re3 Nf6 53. Ra3 a5 54. Rxa5 Rxa5 55. Kg3 h6 56. Kf4 h5 57. Kg3 Ra4 58. Kf3 Kh6 59. Kg3 Kg5 60. Kf3 Ra3+ 61. Kf2 Kf4 62. Kg2 Ra2+ 63. Kh3 0-1


[Site "https://www.chess.com"]

[Event "Titled Tuesday Blitz January 17 Late 2023"]
[White "Sanchez, Robert"]
[Black "Mesa Cruz, Juan Carlos"]
[WhiteFideId "2034360"]
[BlackFideId "6423400"]
[WhiteElo "1966"]
[BlackElo "2122"]
[Result "1-0"]
[Round "11"]
[TimeControl "180+2"]
[Date "2023.01.17"]
[WhiteClock "0:01:32"]
[BlackClock "0:00:02"]

1. e4 c5 2. Nf3 d6 3. d4 cxd4 4. Nxd4 Nf6 5. Nc3 a6 6. Be3 e6 7. f3 Be7 8. Qd2 Qc7 9. O-O-O Nc6 10. g4 Bd7 11. h4 Rc8 12. h5 Nxd4 13. Bxd4 e5 14. Be3 Be6 15. Kb1 b5 16. g5 Nd7 17. Bh3 Nb6 18. Bxb6 Qxb6 19. Nd5 Qd8 20. g6 hxg6 21. Bxe6 fxe6 22. Nxe7 Qxe7 23. hxg6 Rxh1 24. Rxh1 Kd7 25. Qa5 Rc6 26. a4 bxa4 27. Qb4 d5 28. Qb7+ Rc7 29. Qxa6 Qb4 30. Rh7 Qf8 31. Qxa4+ 1-0


[Site "https://www.chess.com"]

[Event "Titled Tuesday Blitz January 17 Late 2023"]
[White "Mosquera, Miguel"]
[Black "Fajdetic, Hrvoje"]
[WhiteFideId "4401131"]
[BlackFideId "14501945"]
[WhiteElo "2371"]
[BlackElo "2151"]
[Result "1-0"]
[Round "11"]
[TimeControl "180+2"]
[Date "2023.01.17"]
[WhiteClock "0:00:09"]
[BlackClock "0:00:02"]

1. d4 e6 2. c4 f5 3. g3 Nf6 4. Bg2 Be7 5. Nf3 O-O 6. O-O d6 7. Nc3 Ne4 8. Re1 Nxc3 9. bxc3 Bf6 10. Bb2 e5 11. dxe5 dxe5 12. Qd5+ Kh8 13. Rad1 Nc6 14. Ba3 Re8 15. Qf7 Be6 16. Qh5 Qc8 17. e4 g6 18. Qh6 Bg7 19. Qc1 Bxc4 20. Ng5 h6 21. Nf3 Qe6 22. exf5 gxf5 23. Nh4 e4 24. Bh3 Rg8 25. Bxf5 Qf6 26. Ng6+ Kh7 27. Ne7+ Kh8 28. Ng6+ Kh7 29. Nh4+ Kh8 30. Qf4 Rgf8 31. Ng6+ Qxg6 32. Bxg6 Rxf4 33. gxf4 1-0


[Site "https://www.chess.com"]

[Event "Titled Tuesday Blitz January 17 Late 2023"]
[White "Stead, Kerry"]
[Black "Vifleemskaia, Svetlana"]
[WhiteFideId "3202577"]
[BlackFideId "4129490"]
[WhiteElo "1908"]
[BlackElo "1971"]
[Result "1/2-1/2"]
[Round "11"]
[TimeControl "180+2"]
[Date "2023.01.17"]
[WhiteClock "0:01:12"]
[BlackClock "0:00:48"]

1. d4 Nf6 2. f3 d5 3. e4 dxe4 4. Nc3 c5 5. Bb5+ Bd7 6. dxc5 Nc6 7. fxe4 e5 8. Be3 Qa5 9. a3 Nxe4 10. b4 Nxc3 11. bxa5 Nxd1 12. Rxd1 O-O-O 13. Nf3 f6 14. a6 bxa6 15. Bxa6+ Kc7 16. O-O Be7 17. Nd2 Bg4 18. Rb1 Rb8 19. Nc4 Rxb1 20. Rxb1 Rb8 21. Rxb8 Nxb8 22. Bb5 Be2 23. Nd6 Bxb5 24. Nxb5+ Kb7 25. c4 a6 26. Nd6+ Kc6 27. Nf5 Bf8 28. Kf2 Nd7 29. g4 Nxc5 30. Kf3 g6 31. Ng3 Ne6 32. a4 Bc5 33. h4 Bxe3 34. Kxe3 Nc5 35. a5 Nb3 36. Ne4 f5 37. gxf5 gxf5 38. Ng5 Nxa5 39. Nxh7 Nxc4+ 40. Kd3 Nd6 41. Nf6 Nf7 42. h5 a5 43. Kc4 e4 44. Kd4 a4 45. Nd5 a3 46. Nc3 Kd6 47. Nb5+ Ke6 48. Nxa3 Kf6 49. Nc4 Kg5 50. Ne3 Nh6 51. Ke5 f4 52. Kxe4 fxe3 53. Kxe3 Kxh5 1/2-1/2


[Site "https://www.chess.com"]

[Event "Titled Tuesday Blitz January 17 Late 2023"]
[White "Harish, Neeraj"]
[Black "Slavin, Alexey"]
[WhiteFideId "30958130"]
[BlackFideId "24104388"]
[WhiteElo "2232"]
[BlackElo "2364"]
[Result "1-0"]
[Round "11"]
[TimeControl "180+2"]
[Date "2023.01.17"]
[WhiteClock "0:01:05"]
[BlackClock "0:00:05"]

1. e4 Nc6 2. Nf3 d6 3. d4 Nf6 4. Nc3 Bg4 5. Be3 a6 6. h3 Bh5 7. Be2 e5 8. d5 Nb8 9. Qd2 Nbd7 10. O-O-O Be7 11. g4 Bg6 12. Bd3 b5 13. g5 b4 14. gxf6 bxc3 15. Qxc3 Bxf6 16. h4 Bh5 17. Be2 O-O 18. Qd2 Be7 19. Ng5 Bxe2 20. Qxe2 h6 21. Nf3 f5 22. exf5 Rxf5 23. Rdg1 Kh8 24. Nd2 Nf6 25. c4 Qd7 26. Rg6 Rg8 27. Rhg1 Kh7 28. Qd3 Kh8 29. Ne4 Nxe4 30. Qxe4 Rf6 31. Bxh6 Rxg6 32. Qxg6 Bf6 33. Qh5 g6 34. Rxg6 Rxg6 35. Qxg6 Qe7 36. Bg5 Bxg5+ 37. hxg5 e4 38. Kd2 Qe5 39. Qf6+ Qxf6 40. gxf6 Kh7 41. Ke3 Kg6 42. Kxe4 Kxf6 43. Kf4 a5 44. b3 Kg6 45. a3 Kf6 46. b4 axb4 47. axb4 Kg6 48. c5 Kf6 49. Ke4 Ke7 50. Kf5 Kf7 51. cxd6 cxd6 52. b5 Ke7 53. b6 Kd7 54. b7 Kc7 55. Ke6 Kxb7 56. Kxd6 Kc8 57. Ke7 1-0


[Site "https://www.chess.com"]

[Event "Titled Tuesday Blitz January 17 Late 2023"]
[White "Carbone, Diego"]
[Black "Liu, Kelsey"]
[WhiteFideId "3002179"]
[BlackFideId "30944481"]
[WhiteElo "2336"]
[BlackElo "2065"]
[Result "0-1"]
[Round "11"]
[TimeControl "180+2"]
[Date "2023.01.17"]
[WhiteClock "0:01:04"]
[BlackClock "0:00:57"]

1. d4 Nf6 2. c4 e6 3. g3 d5 4. Nf3 Be7 5. Bg2 O-O 6. O-O dxc4 7. Qc2 a6 8. a4 c5 9. dxc5 Bxc5 10. Qxc4 Nbd7 11. b4 Bd6 12. Rd1 Qe7 13. Ba3 Rd8 14. Nc3 Nb6 15. Qb3 Bd7 16. e4 e5 17. a5 Be6 18. Nd5 Nbxd5 19. exd5 Bf5 20. Nh4 Bg4 21. f3 Bd7 22. g4 Nxg4 23. fxg4 Qxh4 24. h3 e4 25. Bxe4 Re8 26. Bg2 Bf4 27. Re1 Rxe1+ 28. Rxe1 Qxe1+ 0-1


[Site "https://www.chess.com"]

[Event "Titled Tuesday Blitz January 17 Late 2023"]
[White "Qiao, Cindy"]
[Black "Romero Ruscalleda, Josep"]
[WhiteFideId "2620243"]
[BlackFideId "2231859"]
[WhiteElo "1785"]
[BlackElo "2160"]
[Result "0-1"]
[Round "11"]
[TimeControl "180+2"]
[Date "2023.01.17"]
[WhiteClock "0:00:38"]
[BlackClock "0:00:19"]

1. d4 g6 2. Bf4 Bg7 3. Nc3 d6 4. e4 Nf6 5. Nf3 O-O 6. Qd2 a6 7. O-O-O b5 8. Bd3 Bb7 9. Bh6 b4 10. Nd5 Nxd5 11. exd5 Bxd5 12. Kb1 a5 13. h4 f6 14. h5 g5 15. Bxg5 fxg5 16. Nxg5 h6 17. Ne4 Nd7 18. g4 Nf6 19. Nxf6+ Bxf6 20. Qxh6 Rf7 21. Bg6 Bxh1 22. Bxf7+ Kxf7 23. Qg6+ Kf8 24. Rxh1 Qe8 25. Qh6+ Bg7 26. Qe3 Qf7 27. g5 Qd5 28. Re1 Qxd4 29. Qxe7+ Kg8 30. Qe6+ Kh8 31. Kc1 Qxb2+ 32. Kd1 Qa1+ 33. Ke2 Qe5+ 34. Kf1 Qxg5 35. Re3 Rf8 36. h6 Be5 37. Ke2 Qf6 38. Qh3 Qxf2+ 39. Kd3 Qf5+ 40. Qxf5 Rxf5 41. Kc4 Kh7 42. Kb5 Bd4+ 0-1


[Site "https://www.chess.com"]

[Event "Titled Tuesday Blitz January 17 Late 2023"]
[White "Floresvillar Gonzalez, Luis Migu"]
[Black "Stachanczyk, Jacek"]
[WhiteFideId "5100542"]
[BlackFideId "1116657"]
[WhiteElo "2043"]
[BlackElo "2147"]
[Result "0-1"]
[Round "11"]
[TimeControl "180+2"]
[Date "2023.01.17"]
[WhiteClock "0:00:35"]
[BlackClock "0:00:25"]

1. e4 c5 2. Nf3 d6 3. Bc4 Nf6 4. d3 Nc6 5. c3 g6 6. O-O Bg7 7. Bg5 O-O 8. Nbd2 e5 9. a4 a6 10. Re1 h6 11. Bh4 Qc7 12. Bxf6 Bxf6 13. h3 Bg7 14. g4 Kh7 15. Qe2 f5 16. exf5 gxf5 17. g5 Ne7 18. h4 Ng6 19. Qe3 Nf4 20. Kh2 d5 21. g6+ Kh8 22. Bb3 d4 23. cxd4 cxd4 24. Nxd4 exd4 25. Qg3 Rf6 26. Rac1 Qd7 27. Qxf4 Rxg6 28. Rg1 Rxg1 29. Rxg1 Qe7 30. Nf3 Bd7 31. h5 Bc6 32. Rg6 Re8 33. Nxd4 Qe5 34. Rxh6+ Bxh6 35. Qxe5+ Rxe5 36. Nxc6 bxc6 37. d4 Re2 38. Kg3 Rxb2 39. Be6 Rb4 40. Bxf5 Rxd4 41. a5 Ra4 42. Bg6 Rxa5 43. f4 Rc5 44. f5 Bg7 45. Kg4 Bf6 46. h6 a5 47. Kh5 a4 48. h7 a3 49. Kh6 a2 50. Kh5 a1=Q 51. Kh6 Qg1 0-1


[Site "https://www.chess.com"]

[Event "Titled Tuesday Blitz January 17 Late 2023"]
[White "Vasques, Antonio Pedro Freixial"]
[Black "Cueto, Jonny"]
[WhiteFideId "1908332"]
[BlackFideId "3300145"]
[WhiteElo "2214"]
[BlackElo "2122"]
[Result "1-0"]
[Round "11"]
[TimeControl "180+2"]
[Date "2023.01.17"]
[WhiteClock "0:01:05"]
[BlackClock "0:00:05"]

1. Nf3 e6 2. c4 d5 3. d4 b6 4. g3 Bb7 5. Bg2 Nf6 6. O-O Be7 7. Ne5 O-O 8. b3 Nbd7 9. Bb2 c6 10. Nd2 Rc8 11. Rc1 Re8 12. e4 dxe4 13. Nxe4 Nxe4 14. Bxe4 Qc7 15. Bxh7+ Kf8 16. Qh5 Nxe5 17. dxe5 Bc5 18. Be4 Ba8 19. Rcd1 Rcd8 20. Qh8+ Ke7 21. Qxg7 Rxd1 22. Rxd1 Rf8 23. Qf6+ Ke8 24. Bc1 Qe7 25. Qg7 Qc7 26. Bg5 f6 27. Bg6+ Rf7 28. Qg8+ Ke7 29. Qxf7# 1-0


[Site "https://www.chess.com"]